 Dungeon Crawl Stone Soup version 0.30.1-3-gfc49f6343a (webtiles) character file.

Game seed: 7797393471451285603

9 McKennaii the Conjurer (level 1, -2/14 HPs)
             Began as a Demigod Conjurer on Aug 1, 2023.
             Slain by a kobold
             ... wielding a +1 short sword of holy wrath
              (5 damage)
             ... on level 1 of the Dungeon.
             The game lasted 00:00:18 (281 turns).

McKennaii the Conjurer (Demigod Conjurer)            Turns: 281, Time: 00:00:18

Health: -2/14      AC:  2    Str:  8    XL:     1   Next: 93%
Magic:  0/6        EV: 12    Int: 20    God:
Gold:   46         SH:  0    Dex: 12    Spells: 3/4 levels left

rFire   . . .        (no weapon)
rCold   . . .        (no shield)
rNeg    . . .        a - +0 robe
rPois   .            (no helmet)
rElec   .            (no cloak)
rCorr   .            (no gloves)
SInv    .            (no boots)
Will    .....        (no amulet)
Stlth   ++           (no ring)
HPRegen 0.22/turn    (no ring)
MPRegen 0.10/turn

%: no passive effects
@: no status effects
A: high MP 1, forlorn, divine attributes
a: no special abilities


You were on level 1 of the Dungeon.
You visited 1 branch of the dungeon, and saw 1 of its levels.

You collected 46 gold pieces.

Inventory:

Armour
 a - a +0 robe (worn)
Scrolls
 c - 3 scrolls of fog {unknown}
 d - a scroll of teleportation {unknown}
Potions
 b - a potion of magic


   Skills:
 - Level 1.7 Dodging
 - Level 1.7 Stealth
 + Level 2.1 Spellcasting
 + Level 3.8 Conjurations


You had 3 spell levels left.
You knew the following spells:

 Your Spells              Type           Power      Damage    Failure   Level
a - Magic Dart            Conj           68%        1d6       3%          1

Your spell library contained the following spells:

 Spells                   Type           Power      Damage    Failure   Level
 Searing Ray              Conj           34%        2d5       4%          2
 Shock                    Conj/Air       36%        1d5       7%          1
 Dazzling Flash           Conj/Hex       18%        N/A       22%         3
 Swiftness                Air            2%         N/A       43%         3
 Fulminant Prism          Conj/Hex       4%         3d5       56%         4
 Iskenderun's Mystic Bla  Conj/Tloc      9%         2d4       56%         4
 Airstrike                Air            1%         2d(1-17)  83%         4


Dungeon Overview and Level Annotations

Branches:
Dungeon (1/15)


Innate Abilities, Weirdness & Mutations

You have an increased reservoir of magic. (+10% MP)
You shall have no god before yourself.
Your divine heritage dramatically boosts your attributes as you level up.


Message History

The kobold is heavily wounded.
You are out of magic!
The kobold closely misses you.
You are out of magic!
You hit the kobold but do no damage.
The kobold is heavily wounded.
The kobold hits you with a +1 short sword of holy wrath.
You are out of magic!
You barely miss the kobold.
The kobold is heavily wounded.
The kobold hits you with a +1 short sword of holy wrath.
You are out of magic!
You closely miss the kobold.
The kobold is heavily wounded.
The kobold hits you with a +1 short sword of holy wrath.
You are too injured to fight recklessly!
You are too injured to fight recklessly!
You are too injured to fight recklessly!
You are too injured to fight recklessly!
You are too injured to fight recklessly!
You are too injured to fight recklessly!
You are too injured to fight recklessly!
You are too injured to fight recklessly!
You are too injured to fight recklessly!
What are your orders? t - Shout!
Orders for allies: a - Attack new target. p - Attack previous target. r - Retreat! s - Stop attacking. g - Guard the area. f - Follow me.
Anything else - Cancel.
Okay, then.
The kobold attacks as you move away!
The kobold hits you with a +1 short sword of holy wrath.
* * * LOW HITPOINT WARNING * * *
Unknown command.
The kobold attacks as you move away! The kobold closely misses you.
You are too injured to fight recklessly!
The kobold attacks as you move away!
The kobold hits you with a +1 short sword of holy wrath.
You die...

#.......# ### .##
#.......# # ..#
#...##.## # ..# ##..##.#
##### #.# #..##)# #....
# #.# #..##.# #.##. #.
#[# #..##.# #.##.
###.###.#####..##.#
#.##.
........@.........#
#.###
###.#.#K#####..######.##
##..# #.## ##...## ##.##
#># ##.....# ##.# #.#
##....... #†##
#.###........ #.#
#.......†.... #K#
#.####......# #># #.#
###...##


You could see a kobold.

Vanquished Creatures
  A goblin (D:1)
  2 hobgoblins (D:1)
  A quokka (D:1)
  2 ball pythons (D:1)
  A bat (D:1)
  A frilled lizard (D:1)
  A rat (D:1)
9 creatures vanquished.

Notes
Turn   | Place    | Note
-------+----------+-------------------------------------------
     0 | D:1      | McKennaii the Demigod Conjurer began the quest for the Orb.
     0 | D:1      | Reached XP level 1. HP: 14/14 MP: 5/5
   281 | D:1      | Slain by a kobold

Illustrated notes

Levels and vault maps discovered:
D:1:      scummos_arrival_simple_crosswalls, layout_loops_ring, nrook_uturn

Skill      XL: |  1 |
---------------+----+-----
Spellcasting   | 2 |  2.1
Dodging        | |  1.7
Stealth        | |  1.7
Conjurations   | |  3.8

Action                     || total
---------------------------++-------
  Melee: Unarmed           ||     6
   Cast: Magic Dart        ||    21
  Dodge: Dodged            ||     4
